AoeStats
← [Massa] Edo

Arabia

509793130Analyzed
2v2 RM · 3d ago on Sep 28, 2026· 62m 26s· 4 players
Game mode
Random Map
Map size
Medium (4 player)
Population
200
Speed
Normal
Resources
Standard
Victory
Conquest
Starting age
Dark Age
Ending age
Imperial Age
RankedLock teamsTeams togetherTeam positionsShared explorationLock speedFull tech treeHidden civsTurbo modeCheats
Victory
Defeat
🇧🇷 Huns · Brazil
1412
+14
🇧🇷 Celts · Brazil
1385
+15
🇨🇱 Magyars · Chile
1381
-15
🇨🇱 Ethiopians · Chile
1358
-14
[CL] Bleider
5:59 Loom
9:44 Feudal Age
10:41 Double-Bit Axe
14:10 Town Watch
19:56 Gold Mining
19:48 Horse Collar
22:21 Castle Age
20:47 Scale Barding Armor
21:27 Bloodlines
22:31 Wheelbarrow
26:41 Light Cavalry
29:08 Fletching
31:00 Stone Mining
31:59 Chain Barding Armor
33:20 Bodkin Arrow
40:30 Imperial Age
40:02 Hand Cart
41:53 Plate Barding Armor
42:00 Gold Shaft Mining
40:58 Cavalier
45:02 Hussar
47:46 Bracer
47:40 Crossbowman
48:41 Padded Archer Armor
49:03 Bow Saw
49:26 Husbandry
48:52 Heavy Cavalry Archer
[CL] Capitalista
5:39 Loom
6:20 Loom
9:22 Feudal Age
10:40 Double-Bit Axe
13:44 Fletching
13:55 Padded Archer Armor
14:32 Gold Mining
20:49 Horse Collar
24:13 Castle Age
23:16 Horse Collar
24:59 Thumb Ring
24:50 Bodkin Arrow
25:11 Leather Archer Armor
24:49 Crossbowman
26:49 Bow Saw
28:24 Ballistics
32:54 Stone Mining
34:51 Wheelbarrow
43:04 Imperial Age
41:38 Hand Cart
42:49 Heavy Plow
43:29 Gold Shaft Mining
43:30 Stone Shaft Mining
42:27 Elite Skirmisher
43:08 Arbalester
43:55 Bracer
44:22 Conscription
45:20 Chemistry
52:13 Ring Archer Armor
[Massa] Edo
5:35 Loom
6:04 Loom
8:43 Feudal Age
9:16 Double-Bit Axe
12:03 Horse Collar
14:56 Forging
16:14 Scale Barding Armor
20:53 Wheelbarrow
24:43 Castle Age
23:03 Gold Mining
23:43 Bloodlines
27:34 Bow Saw
28:26 Chain Barding Armor
28:42 Iron Casting
28:44 Husbandry
28:05 Light Cavalry
34:35 Heavy Plow
44:27 Imperial Age
45:15 Gold Shaft Mining
44:36 Cavalier
49:20 Hand Cart
51:11 Plate Barding Armor
51:40 Blast Furnace
52:06 Conscription
58:29 Paladin
tg
6:35 Loom
8:49 Feudal Age
9:32 Double-Bit Axe
9:20 Man-at-Arms
10:52 Horse Collar
13:28 Fletching
18:40 Padded Archer Armor
22:58 Castle Age
22:42 Gold Mining
23:01 Crossbowman
23:43 Bodkin Arrow
26:40 Ballistics
27:45 Bow Saw
27:54 Leather Archer Armor
28:26 Wheelbarrow
27:37 Town Watch
32:24 Hand Cart
36:31 Imperial Age
35:55 Scale Mail Armor
35:42 Arson
37:33 Chain Mail Armor
37:29 Pikeman
38:45 Plate Mail Armor
39:22 Chemistry
40:05 Forging
40:04 Heavy Plow
39:34 Halberdier
41:11 Conscription
40:19 Onager
44:37 Siege Engineers
44:18 Capped Ram
47:30 Masonry
49:28 Iron Casting
48:14 Siege Ram
53:50 Blast Furnace
57:39 Murder Holes
Connection lost

Rejoining the realm…

Still unreachable

The connection could not be restored.

Session expired

The server has moved on; the page needs a fresh start.